 Dungeon Crawl Stone Soup version 0.27.1-33-g824d729ab1 (webtiles) character file.

Game seed: 10937847321524955411

105 Karpo the Firebug (level 4, -1/24 HPs)
             Began as a Gargoyle Fire Elementalist on Dec 28, 2021.
             Was an Initiate of Vehumet.
             Killed from afar by an orc wizard (8 damage)
             ... with a magic dart
             ... on level 3 of the Dungeon.
             The game lasted 00:13:50 (4242 turns).

Karpo the Firebug (Gargoyle Fire Elementalist)      Turns: 4242, Time: 00:13:51

Health: -1/24      AC:  5    Str: 11    XL:     4   Next: 81%
Magic:  17/17      EV: 11    Int: 17    God:    Vehumet [......]
Gold:   166        SH:  0    Dex: 10    Spells: 1/9 levels left

rFire    . . .     SeeInvis .   s - +0 flail
rCold    . . .     Faith    .   (no shield)
rNeg     + . .     Spirit   .   a - +0 robe
rPois    ∞         Reflect  .   (no helmet)
rElec    +         Harm     .   (no cloak)
rCorr    .         Rampage  .   (no gloves)
Will     .....                  (no boots)
Stlth    +.........             (no amulet)
HPRegen  0.08/turn              l - ring of magical power
MPRegen  0.15/turn              (no ring)

@: confused
A: sickness immunity, AC +3, negative energy resistance 1, electricity
resistance, torment resistance 1, petrification resistance
a: Renounce Religion


You were on level 3 of the Dungeon.
You worshipped Vehumet.
Vehumet was noncommittal.
You visited 1 branch of the dungeon, and saw 4 of its levels.

You collected 166 gold pieces.

Inventory:

Hand Weapons
 h - a +0 dagger
 k - a +0 short sword
 s - a +0 flail (weapon)
Missiles
 g - 48 stones
Armour
 a - a +0 robe (worn)
 i - a +2 helmet
Magical Staves
 m - a staff of fire
 o - a staff of earth
Jewellery
 l - a ring of magical power (left hand)
 t - a ring of resist corrosion
Wands
 r - a wand of flame (26)
Scrolls
 c - a scroll of blinking {unknown}
 d - a scroll of identify {unknown}
 f - a scroll of fog {unknown}
 j - a scroll of noise {unknown}
 n - a scroll of vulnerability {unknown}
 q - a scroll of acquirement {unknown}
Potions
 b - a potion of invisibility {unknown}
 e - a potion of haste {unknown}
 p - a potion of ambrosia {unknown}


   Skills:
 - Level 1.5 Dodging
 - Level 2.1 Stealth
 - Level 3.0 Spellcasting
 - Level 1.3 Conjurations
 + Level 4.6 Fire Magic


You had one spell level left.
You knew the following spells:

 Your Spells              Type           Power      Damage    Failure   Level
a - Foxfire               Conj/Fire      48%        2x1d6     4%          1
b - Conjure Flame         Conj/Fire      12%        6-21      16%         3
c - Sticky Flame          Conj/Fire      12%        2d4       45%         4

Your spell library contained the following spells:

 Spells                   Type           Power      Damage    Failure   Level
 Inner Flame              Hex/Fire       10%        N/A       21%         3
 Corpse Rot               Necr/Air       N/A        N/A       26%         2
 Poisonous Vapours        Pois/Air       4%         N/A       26%         2
 Fireball                 Conj/Fire      6%         3d5       80%         5
 Freezing Cloud           Conj/Ice/Air   2%         6-21      99%         5


Dungeon Overview and Level Annotations

Branches:
Dungeon (4/15)
 Temple: D:4-7

Altars:
Vehumet
Wu Jian

Shops:
D:1 :


Innate Abilities, Weirdness & Mutations

You are immune to sickness and miasma.
Your stone body is resilient. (AC +3)
You are immune to poison.
You resist negative energy. (rN+)
You are resistant to electric shocks. (rElec)
You are resistant to unholy torment.
You are immune to petrification.


Message History

You completely miss the orc wizard.
The orc wizard is moderately wounded.
The orc wizard hits you but does no damage.
You closely miss the orc wizard.
The orc wizard is moderately wounded.
The orc wizard gestures at you while chanting.
The magic dart hits you.
The orc wizard hits you with a +0 dagger.
You closely miss the orc wizard.
The orc wizard is moderately wounded.
The orc wizard points at you and mumbles some strange words.
The magic dart hits you but does no damage.
You sock the orc wizard!
The orc wizard is almost dead.
The orc wizard points at you and mumbles some strange words.
You are confused.
You're too confused to cast spells.
Okay, then.
You're too confused to cast spells.
Unknown command.
The orc wizard hits you with a +0 dagger.
You miss the orc wizard.
The orc wizard is almost dead.
The orc wizard gestures wildly while chanting.
The orc wizard flickers and vanishes!
Deactivating autopickup; reactivate with Ctrl-A.
Something hits you but does no damage.
You closely miss something. Something hits you.
You barely miss something. Something hits you. x2
* * * LOW HITPOINT WARNING * * *
You closely miss something.
You feel less confused.
You hear some strange, mumbled words.
You are confused.
You completely miss something.
Something hits you but does no damage. x2
Something hits you but does no damage.
You hear some strange, mumbled words.
A magic dart appears from out of thin air!
The magic dart hits you!
You die...

#...............................
#...............................
#...............................
#...............................
#............................###
#............................# #
#............................# #
#..............{<.....[......# #
#............[.@.............# #
#......(.....................# #
#............................# #
#............................# #
#..................[.#._.#...# #
#............................# #
#............................# #
#########################..### #
##.## #


There were no monsters in sight!

Vanquished Creatures
  An orc wizard (D:3)
  2 adders (D:2)
  A worm (D:2)
  2 orcs
  3 bats
  6 endoplasms
  A giant cockroach (D:1)
  2 goblins (D:2)
  3 hobgoblins
  12 jackals
  2 quokkas
  5 ball pythons
  A frilled lizard (D:1)
  5 kobolds
  3 rats
49 creatures vanquished.

Vanquished Creatures (others)
  71 foxfires
  A fungus (D:1)
72 creatures vanquished.

Grand Total: 121 creatures vanquished

Notes
Turn   | Place    | Note
-------+----------+-------------------------------------------
     0 | D:1      | Karpo the Gargoyle Fire Elementalist began the quest for
                  | the Orb.
     0 | D:1      | Reached XP level 1. HP: 10/10 MP: 3/3
   245 | D:1      | Found Plog's Book Shoppe.
   580 | D:1      | Found a faded altar of an unknown god.
   624 | D:1      | Reached XP level 2. HP: 15/15 MP: 1/5
  1454 | D:2      | Reached XP level 3. HP: 9/19 MP: 6/6
  1760 | D:2      | Learned a level 3 spell: Conjure Flame
  2164 | D:2      | Found an ornate altar of the Wu Jian Council.
  2272 | D:2      | Reached XP level 4. HP: 16/24 MP: 8/8
  2283 | D:2      | Learned a level 4 spell: Sticky Flame
  2492 | D:2      | Reached skill level 4 in Fire Magic
  2523 | D:3      | Found a radiant altar of Vehumet.
  2930 | D:3      | Became a worshipper of Vehumet
  4242 | D:3      | Killed from afar by an orc wizard

Illustrated notes

Levels and vault maps discovered:
D:1:      dpeg_arrival_rooms_b, layout_basic, serial_shops, shop,
          shapermc_ecumenical_altar_ellora
D:2:      layout_rooms, basic_altar
D:3:      layout_basic, mainiacjoe_overflow_tiny_flanked
D:4:      layout_basic, serial_shops, shop, shop, nicolae_square_shop

Skill      XL: |  1  2  3  4 |
---------------+-------------+-----
Spellcasting   | 3 |  3.0
Fire Magic     | 4 |  4.6
Dodging        | |  1.5
Stealth        | |  2.1
Conjurations   | |  1.3

Action                   |  1- 3 |  4- 6 || total
-------------------------+-------+-------++-------
Melee: Unarmed           |     6 |       ||     6
       Dagger            |    26 |       ||    26
       Staff             |    23 |    44 ||    67
       Short sword       |    21 |       ||    21
       Flail             |       |    23 ||    23
 Cast: Foxfire           |    37 |    16 ||    53
  Use: Scroll            |       |     1 ||     1
 Stab: Sleeping          |       |     6 ||     6
Armor: Robe              |    43 |    29 ||    72
Dodge: Dodged            |    81 |    39 ||   120
